 Dungeon Crawl Stone Soup version 0.28.0-53-g5a82cb258f (webtiles) character file.

Game seed: 14534083136459210532

275 hawla the Firebug (level 6, -2/32 HPs)
             Began as a Deep Elf Fire Elementalist on May 29, 2022.
             Slain by a gnoll
             ... wielding a +0 flail
              (11 damage)
             ... on level 3 of the Dungeon.
             The game lasted 00:05:35 (2450 turns).

hawla the Firebug (Deep Elf Fire Elementalist)      Turns: 2450, Time: 00:05:36

Health: -2/32      AC:  2    Str:  5    XL:     6   Next: 3%
Magic:  1/14       EV: 13    Int: 22    God:
Gold:   108        SH:  0    Dex: 15    Spells: 6/13 levels left

rFire   . . .      SeeInvis .   (no weapon)
rCold   . . .      Faith    .   (no shield)
rNeg    . . .      Spirit   .   a - +0 robe
rPois   .          Reflect  .   (no helmet)
rElec   .          Harm     .   (no cloak)
rCorr   .          Rampage  .   (no gloves)
Will    .....                   (no boots)
Stlth   ++........              (no amulet)
HPRegen 0.10/turn               (no ring)
MPRegen 0.14/turn               (no ring)

@: flying
A: no striking features
a: no special abilities


You were on level 3 of the Dungeon.
You visited 1 branch of the dungeon, and saw 3 of its levels.

You collected 108 gold pieces.

Inventory:

Missiles
 b - 6 poisoned darts (quivered)
Armour
 a - a +0 robe (worn)
Scrolls
 i - a scroll of enchant armour {unknown}
 k - 2 scrolls of immolation {unknown}
 l - a scroll of magic mapping {unknown}
 m - a scroll of teleportation
Potions
 c - a potion of lignification
 e - a potion of heal wounds {unknown}
 f - 2 potions of mutation {unknown}
 g - a potion of might {unknown}
 h - a potion of invisibility {unknown}
 j - a potion of curing {unknown}


   Skills:
 + Level 0.2 Fighting
 + Level 3.0 Dodging
 - Level 3.2 Stealth
 - Level 4.0 Spellcasting
 * Level 3.0 Conjurations
 * Level 5.8 Fire Magic


You had 6 spell levels left.
You knew the following spells:

 Your Spells              Type           Power      Damage    Failure   Level
a - Foxfire               Conj/Fire      96%        2x1d8     1%          1
b - Scorch                Fire           60%        2d8       1%          2
c - Flame Wave            Conj/Fire      24%        2d7       19%         4

Your spell library contained the following spells:

 Spells                   Type           Power      Damage    Failure   Level
 Conjure Flame            Conj/Fire      24%        6-21      5%          3
 Inner Flame              Hex/Fire       17%        N/A       10%         3


Dungeon Overview and Level Annotations

Branches:
Dungeon (3/15)

Altars:
Xom


Message History

The orc priest is almost dead.
The flame wave engulfs the gnoll.
You kill the gnoll!
The flame wave engulfs the gnoll.
You kill the gnoll! (Press . to intensify the flame waves.)
The gnoll sergeant hits you from afar with a +0 spear.
The orc priest completely misses you.
The gnoll hits you from afar with a +0 spear.
* * * LOW HITPOINT WARNING * * *
The gnoll barely misses you.
A wave of flame ripples out!
The flame wave engulfs the orc priest.
You kill the orc priest!
The flame wave engulfs the gnoll.
The gnoll is heavily wounded.
The flame wave engulfs the gnoll.
The gnoll is severely wounded.
The flame wave engulfs the gnoll sergeant!
The gnoll sergeant is heavily wounded.
The flame wave engulfs the gnoll.
You kill the gnoll!
The gnoll sergeant closely misses you. The gnoll closely misses you.
The gnoll barely misses you.
A wave of flame ripples out!
The flame wave engulfs the gnoll.
The gnoll is severely wounded.
The flame wave engulfs the gnoll but does no damage.
The flame wave engulfs the gnoll.
You kill the gnoll!
The flame wave engulfs the gnoll sergeant!
You kill the gnoll sergeant!
The flame wave engulfs the gnoll.
The gnoll is moderately wounded.
You finish channelling waves of flame.
The gnoll misses you.
Your Dodging skill increases to level 3!
Your Conjurations skill increases to level 3!
You have reached level 6!
It was a potion of flight.
You feel very buoyant.
You fly up into the air.
The gnoll hits you with a +0 flail!
You die...

#######++######
...............
.......).......
......))))o....
.....gg)....... ##@g##
#######....#
+.....'....+
#######....#
#############''''#### o
#.(..................
###≈≈≈≈≈≈≈≈≈≈≈≈....≈≈≈≈
≈≈≈≈≈≈≈≈≈≈≈≈≈≈≈....≈≈≈≈
≈≈≈≈≈≈≈≈≈≈≈≈≈≈≈....≈≈≈≈


You could see 3 gnolls and an orc.

Vanquished Creatures
  A gnoll sergeant (D:3)
  2 orc priests
  2 adders (D:2)
  8 gnolls (D:3)
  2 dart slugs
  8 orcs
  A bat (D:2)
  4 endoplasms
  A giant cockroach (D:2)
  5 goblins
  4 jackals (D:3)
  3 quokkas
  A ball python (D:2)
  4 frilled lizards
  3 kobolds
  3 rats
52 creatures vanquished.

Vanquished Creatures (others)
  83 foxfires
83 creatures vanquished.

Grand Total: 135 creatures vanquished

Notes
Turn   | Place    | Note
-------+----------+-------------------------------------------
     0 | D:1      | hawla the Deep Elf Fire Elementalist began the quest for
                  | the Orb.
     0 | D:1      | Reached XP level 1. HP: 10/10 MP: 6/6
   508 | D:1      | Found a faded altar of an unknown god.
   605 | D:2      | Reached XP level 2. HP: 15/15 MP: 2/8
   660 | D:2      | Learned a level 2 spell: Scorch
  1066 | D:2      | Reached skill level 4 in Fire Magic
  1071 | D:2      | Reached XP level 3. HP: 17/19 MP: 0/10
  1504 | D:2      | Reached XP level 4. HP: 19/24 MP: 6/12
  1509 | D:2      | Learned a level 4 spell: Flame Wave
  2108 | D:3      | Found a shimmering altar of Xom.
  2442 | D:3      | Noticed a gnoll sergeant
  2447 | D:3      | Reached skill level 5 in Fire Magic
  2447 | D:3      | Reached XP level 5. HP: 18/28 MP: 6/13
  2450 | D:3      | Reached XP level 6. HP: 9/32 MP: 0/14
  2450 | D:3      | Slain by a gnoll

Illustrated notes

Levels and vault maps discovered:
D:1:      dpeg_arrival_pond, layout_rooms,
          hellmonk_ecumenical_altar_inner_sanctum,
          hangedman_abyss_or_decor_lesser_grid
D:2:      layout_basic, hex_large
D:3:      lemuel_castle_with_subvaults [lemuel_castle_interior_original],
          layout_basic, nicolae_overflow_hidden_temple,
          minmay_shallow_snake_nest

Skill      XL: |  1  2  3  4  5 |
---------------+----------------+-----
Stealth        | 3 |  3.2
Fire Magic     | 4 5 |  5.8
Spellcasting   | 4 |  4.0
Conjurations   | 2 3 |  3.0
Dodging        | 3 |  3.0
Fighting       | |  0.2

Action                   |  1- 3 |  4- 6 || total
-------------------------+-------+-------++-------
Melee: Unarmed           |    11 |     4 ||    15
 Cast: Foxfire           |    31 |    22 ||    53
       Scorch            |    11 |     4 ||    15
       Flame Wave        |       |     2 ||     2
  Use: Scroll            |     4 |       ||     4
       Potion            |       |     1 ||     1
 Stab: Sleeping          |     2 |       ||     2
Armor: Robe              |     1 |     1 ||     2
Dodge: Dodged            |    12 |    16 ||    28
